TOP OF THE 1ST |
Trenton Stars batting - Pitching for Allentown Hillbillies : RHP Juan Martínez
|
Pitching: RHP Juan Martínez
|
|
Batting: SHB Nick Marshall
|
0-0: Ball 1-0: TRIPLE (Line Drive, 9LM)
|
Batting: LHB Ju-wei Shiu
|
0-0: Ball 1-0: Called Strike 1-1: Ball 2-1: Swinging Strike 2-2: Strikes out swinging
|
Batting: LHB Jeff Gordon
|
0-0: Swinging Strike 0-1: Swinging Strike 0-2: Strikes out swinging
|
Batting: RHB Randy Simons
|
0-0: Ball 1-0: Ball 2-0: Swinging Strike 2-1: TRIPLE (Line Drive, 8RM) Nick Marshall scores
|
Batting: RHB Jonas Uttley
|
0-0: Ball 1-0: Called Strike 1-1: Ball Passed Ball! Randy Simons scores 2-1: Ground out 6-3 (Groundball, 6)
|
Top of the 1st over - 2 run(s), 2 hit(s), 0 error(s), 0 left on base; Trenton 2 - Allentown 0 |
BOTTOM OF THE 1ST |
Allentown Hillbillies batting - Pitching for Trenton Stars : RHP Jesús Martínez
|
Pitching: RHP Jesús Martínez
|
|
Batting: LHB António Salazar
|
0-0: Called Strike 0-1: Ball 1-1: Fly out, F8 (Flyball, 8LS)
|
Batting: RHB Albert Lutz
|
0-0: Foul Ball, location: 2F 0-1: Fly out, F8 (Flyball, 8LD)
|
Batting: RHB Germano Labrego
|
0-0: Foul Ball, location: 2F 0-1: Ball 1-1: Ball 2-1: Ground out 5-3 (Groundball, 56)
|
Bottom of the 1st over - 0 run(s), 0 hit(s), 0 error(s), 0 left on base; Trenton 2 - Allentown 0 |
TOP OF THE 2ND |
Trenton Stars batting - Pitching for Allentown Hillbillies : RHP Juan Martínez
|
Batting: LHB Wes Stone
|
0-0: Ball 1-0: Ball 2-0: Foul Ball, location: 2F 2-1: Foul Ball, location: 2F 2-2: Strikes out swinging, 2-3 out at first.
|
Batting: RHB Chris Cole
|
0-0: Ball 1-0: Ground out 6-3 (Groundball, 6)
|
Batting: RHB Jesús Dávila
|
0-0: Called Strike 0-1: Called Strike 0-2: Foul Ball, location: 2F 0-2: Ball 1-2: SINGLE (Groundball, 56D)
|
Batting: RHB Kenji Murayama
|
0-0: Ball Passed Ball! Jesús Dávila to second 1-0: Ball 2-0: Ball 3-0: Base on Balls
|
Batting: SHB Nick Marshall
|
0-0: Foul Ball, location: 2F 0-1: Swinging Strike 0-2: Ball 1-2: Foul Ball, location: 2F 1-2: Strikes out looking
|
Top of the 2nd over - 0 run(s), 1 hit(s), 0 error(s), 2 left on base; Trenton 2 - Allentown 0 |
BOTTOM OF THE 2ND |
Allentown Hillbillies batting - Pitching for Trenton Stars : RHP Jesús Martínez
|
Batting: LHB John Hudson
|
0-0: Ball 1-0: Called Strike 1-1: Swinging Strike 1-2: Ball 2-2: Ball 3-2: Strikes out swinging
|
Batting: RHB Carl Brown
|
0-0: Called Strike 0-1: Swinging Strike 0-2: Foul Ball, location: 2F 0-2: Strikes out swinging
|
Batting: LHB Marcos Vargas
|
0-0: Swinging Strike 0-1: Ground out 3-1 (Groundball, 23)
|
Bottom of the 2nd over - 0 run(s), 0 hit(s), 0 error(s), 0 left on base; Trenton 2 - Allentown 0 |
TOP OF THE 3RD |
Trenton Stars batting - Pitching for Allentown Hillbillies : RHP Juan Martínez
|
Batting: LHB Ju-wei Shiu
|
0-0: Swinging Strike 0-1: Called Strike 0-2: Strikes out swinging
|
Batting: LHB Jeff Gordon
|
0-0: Ball 1-0: Foul Ball, location: 2F 1-1: Ball 2-1: Swinging Strike 2-2: Foul Ball, location: 2F 2-2: Fly out, F7 (Flyball, 7LS)
|
Batting: RHB Randy Simons
|
0-0: SINGLE (Popup, 6M)
|
Batting: RHB Jonas Uttley
|
0-0: Foul Ball, location: 2F 0-1: Foul Ball, location: 2F 0-2: Strikes out looking
|
Top of the 3rd over - 0 run(s), 1 hit(s), 0 error(s), 1 left on base; Trenton 2 - Allentown 0 |
BOTTOM OF THE 3RD |
Allentown Hillbillies batting - Pitching for Trenton Stars : RHP Jesús Martínez
|
Batting: SHB Nate Rhodes
|
0-0: Called Strike 0-1: Ball 1-1: Called Strike 1-2: Ground out U3 (Groundball, 3)
|
Batting: RHB Dan Banks
|
0-0: Called Strike 0-1: Ball 1-1: DOUBLE (Flyball, 7D)
|
Batting: RHB Von Ford
|
0-0: Ball 1-0: Called Strike 1-1: Fly out, F9 (Flyball, 9)
|
Batting: LHB António Salazar
|
0-0: Ball 1-0: Called Strike 1-1: Swinging Strike 1-2: Ball 2-2: Strikes out looking
|
Bottom of the 3rd over - 0 run(s), 1 hit(s), 0 error(s), 1 left on base; Trenton 2 - Allentown 0 |
TOP OF THE 4TH |
Trenton Stars batting - Pitching for Allentown Hillbillies : RHP Juan Martínez
|
Batting: LHB Wes Stone
|
0-0: Called Strike 0-1: SINGLE (Groundball, 6S) (infield hit)
|
Batting: RHB Chris Cole
|
0-0: Ball 1-0: Ball 2-0: Grounds into double play, 5-4-3 (Groundball, 5)
|
Batting: RHB Jesús Dávila
|
0-0: Foul Ball, location: 2F 0-1: Ball 1-1: Ball 2-1: Ground out 3-1 (Groundball, 34)
|
Top of the 4th over - 0 run(s), 1 hit(s), 0 error(s), 0 left on base; Trenton 2 - Allentown 0 |
BOTTOM OF THE 4TH |
Allentown Hillbillies batting - Pitching for Trenton Stars : RHP Jesús Martínez
|
Batting: RHB Albert Lutz
|
0-0: Called Strike 0-1: Ball 1-1: Swinging Strike 1-2: Ball 2-2: Ball 3-2: Base on Balls
|
Batting: RHB Germano Labrego
|
0-0: Called Strike 0-1: Ball 1-1: Called Strike 1-2: Ball 2-2: Ball 3-2: SINGLE (Groundball, 6D) (infield hit) Albert Lutz to second
|
Batting: LHB John Hudson
|
0-0: Called Strike 0-1: Swinging Strike 0-2: Strikes out looking
|
Batting: RHB Carl Brown
|
0-0: Ball 1-0: Ball 2-0: Ball 3-0: Called Strike 3-1: Fly out, F8 (Flyball, 8RM)
|
Batting: LHB Marcos Vargas
|
0-0: Ball 1-0: Ball 2-0: Called Strike 2-1: SINGLE (Flyball, 8RS) Albert Lutz to third Germano Labrego to second Runner from 3rd tries for Home, SAFE, no throw
|
Batting: SHB Nate Rhodes
|
0-0: Called Strike 0-1: Ball 1-1: Ball 2-1: Ball 3-1: Called Strike 3-2: Fly out, F9 (Flyball, 9S)
|
Bottom of the 4th over - 1 run(s), 2 hit(s), 0 error(s), 2 left on base; Trenton 2 - Allentown 1 |
TOP OF THE 5TH |
Trenton Stars batting - Pitching for Allentown Hillbillies : RHP Juan Martínez
|
Batting: RHB Kenji Murayama
|
0-0: Ball 1-0: Foul Ball, location: 2F 1-1: Called Strike 1-2: Foul Ball, location: 2F 1-2: Ball 2-2: Foul Ball, location: 2F 2-2: Ball 3-2: Fly out, F9 (Flyball, 89M)
|
Batting: SHB Nick Marshall
|
0-0: Foul Ball, location: 2F 0-1: Foul Ball, location: 2F 0-2: Ball 1-2: Ball 2-2: Strikes out swinging
|
Batting: LHB Ju-wei Shiu
|
0-0: Ball 1-0: Called Strike 1-1: Fly out, F7 (Line Drive, 7S)
|
Top of the 5th over - 0 run(s), 0 hit(s), 0 error(s), 0 left on base; Trenton 2 - Allentown 1 |
BOTTOM OF THE 5TH |
Allentown Hillbillies batting - Pitching for Trenton Stars : RHP Jesús Martínez
|
Batting: RHB Dan Banks
|
0-0: Ball 1-0: Called Strike 1-1: Foul Ball, location: 2F 1-2: Foul Ball, location: 2F 1-2: SINGLE (Groundball, 6) (infield hit)
|
Batting: RHB Von Ford
|
0-0: Foul Ball, location: 2F 0-1: Ball 1-1: Ball 2-1: DOUBLE (Groundball, 5L) Dan Banks to third Runner from 3rd tries for Home, SAFE, no throw
|
Batting: LHB António Salazar
|
0-0: Called Strike 0-1: Foul Ball, location: 2F 0-2: Foul Ball, location: 2F 0-2: Foul Ball, location: 2F 0-2: Ground out 4-3 (Groundball, 34D) Von Ford to third
|
Batting: RHB Albert Lutz
|
0-0: Foul Ball, location: 2F 0-1: Ball 1-1: Called Strike 1-2: Strikes out swinging
|
Batting: RHB Germano Labrego
|
0-0: Ball Wild Pitch! Von Ford scores 1-0: Called Strike 1-1: Ground out 5-3 (Groundball, 56)
|
Bottom of the 5th over - 2 run(s), 2 hit(s), 0 error(s), 0 left on base; Trenton 2 - Allentown 3 |
TOP OF THE 6TH |
Trenton Stars batting - Pitching for Allentown Hillbillies : RHP Juan Martínez
|
Batting: LHB Jeff Gordon
|
0-0: Ground out 6-3 (Groundball, 6MS)
|
Batting: RHB Randy Simons
|
0-0: Ground out 6-3 (Groundball, 6)
|
Batting: RHB Jonas Uttley
|
0-0: Ball 1-0: Foul Ball, location: 2F 1-1: Called Strike 1-2: Ball 2-2: Foul Ball, location: 2F 2-2: Fly out, F9 (Flyball, 9LMF)
|
Top of the 6th over - 0 run(s), 0 hit(s), 0 error(s), 0 left on base; Trenton 2 - Allentown 3 |
BOTTOM OF THE 6TH |
Allentown Hillbillies batting - Pitching for Trenton Stars : RHP Jesús Martínez
|
Batting: LHB John Hudson
|
0-0: Ball 1-0: Ball 2-0: Swinging Strike 2-1: Fly out, F8 (Flyball, 89S)
|
Batting: RHB Carl Brown
|
0-0: Ball 1-0: SINGLE (Groundball, 6MD)
|
Batting: LHB Marcos Vargas
|
0-0: Hit by Pitch Carl Brown to second
|
Batting: SHB Nate Rhodes
|
0-0: Fly out, F7 (Flyball, 7D)
|
Batting: RHB Dan Banks
|
0-0: Ball 1-0: Called Strike 1-1: Fly out, F9 (Flyball, 9LSF)
|
Bottom of the 6th over - 0 run(s), 1 hit(s), 0 error(s), 2 left on base; Trenton 2 - Allentown 3 |
TOP OF THE 7TH |
Trenton Stars batting - Pitching for Allentown Hillbillies : RHP Juan Martínez
|
Batting: LHB Wes Stone
|
0-0: Called Strike 0-1: Foul Ball, location: 2F 0-2: Strikes out swinging
|
Batting: RHB Chris Cole
|
0-0: Ball 1-0: Ball 2-0: Ball 3-0: Base on Balls
|
Batting: RHB Jesús Dávila
|
0-0: Ball 1-0: Ball 2-0: Called Strike 2-1: Foul Ball, location: 2F 2-2: SINGLE (Groundball, 56D) Chris Cole to second
|
Pitching: LHP Alejandro Castillo
|
|
Batting: RHB Kenji Murayama
|
0-0: Foul Ball, location: 2F 0-1: Ball 1-1: Ball 2-1: SINGLE (Groundball, 6MD) Chris Cole to third Jesús Dávila to second
|
Batting: SHB Nick Marshall
|
0-0: Foul Ball, location: 2F 0-1: Ball 1-1: Ball 2-1: Called Strike 2-2: Strikes out looking
|
Pinch Hitting: RHB Gabriel Villegas
|
0-0: Swinging Strike 0-1: Foul Ball, location: 2F 0-2: Foul Ball, location: 2F 0-2: Foul Ball, location: 2F 0-2: Ground out 6-3 (Groundball, 6MD)
|
Top of the 7th over - 0 run(s), 2 hit(s), 0 error(s), 3 left on base; Trenton 2 - Allentown 3 |
BOTTOM OF THE 7TH |
Allentown Hillbillies batting - Pitching for Trenton Stars : RHP Jesús Martínez
|
Now at SS: Leonardo Pinto
|
|
Batting: RHB Von Ford
|
0-0: Ball 1-0: Ball 2-0: SINGLE (Groundball, 56D)
|
Pitching: LHP José Alaniz
|
|
Batting: LHB António Salazar
|
0-0: Called Strike 0-1: Ball 1-1: Sac Bunt - play at first, batter OUT! 1-4 Von Ford to second
|
Batting: RHB Albert Lutz
|
0-0: Swinging Strike 0-1: Ball Von Ford steals 3rd base 1-1: Fly out, F9 (Flyball, 9LS) Runner from 3rd tags up, SCORES, no throw
|
Batting: RHB Germano Labrego
|
0-0: Called Strike 0-1: Fly out, F3 (Popup, 34)
|
Bottom of the 7th over - 1 run(s), 1 hit(s), 0 error(s), 0 left on base; Trenton 2 - Allentown 4 |
TOP OF THE 8TH |
Trenton Stars batting - Pitching for Allentown Hillbillies : LHP Alejandro Castillo
|
Batting: LHB Jeff Gordon
|
0-0: Ball 1-0: Ground out 6-3 (Groundball, 6)
|
Batting: RHB Randy Simons
|
0-0: Ground out 6-3 (Groundball, 6)
|
Batting: RHB Jonas Uttley
|
0-0: Ball 1-0: Ball 2-0: Foul Ball, location: 2F 2-1: Foul Ball, location: 2F 2-2: Foul Ball, location: 2F 2-2: Foul Ball, location: 2F 2-2: Ground out 6-3 (Groundball, 6)
|
Top of the 8th over - 0 run(s), 0 hit(s), 0 error(s), 0 left on base; Trenton 2 - Allentown 4 |
BOTTOM OF THE 8TH |
Allentown Hillbillies batting - Pitching for Trenton Stars : LHP José Alaniz
|
Batting: LHB John Hudson
|
0-0: Swinging Strike 0-1: Swinging Strike 0-2: Foul Ball, location: 2F 0-2: Strikes out looking
|
Batting: RHB Carl Brown
|
0-0: Swinging Strike 0-1: Ground out 5-3 (Groundball, 56)
|
Batting: LHB Marcos Vargas
|
0-0: Foul Ball, location: 2F 0-1: Ground out 4-3 (Groundball, 34)
|
Bottom of the 8th over - 0 run(s), 0 hit(s), 0 error(s), 0 left on base; Trenton 2 - Allentown 4 |
TOP OF THE 9TH |
Trenton Stars batting - Pitching for Allentown Hillbillies : LHP Alejandro Castillo
|
Pitching: RHP Dale Downs
|
|
Batting: LHB Wes Stone
|
0-0: Ball 1-0: Foul Ball, location: 2F 1-1: Ball 2-1: Ball 3-1: Ground out 4-3 (Groundball, 34)
|
Batting: RHB Chris Cole
|
0-0: Ball 1-0: Ball 2-0: Ball 3-0: Base on Balls
|
Batting: RHB Jesús Dávila
|
0-0: SINGLE (Groundball, 6MD) Chris Cole to second
|
Batting: RHB Kenji Murayama
|
0-0: Ball 1-0: Foul Ball, location: 2F 1-1: Grounds into double play, 5-4-3 (Groundball, 56)
|
Top of the 9th over - 0 run(s), 1 hit(s), 0 error(s), 1 left on base; Trenton 2 - Allentown 4 |
|